 Dungeon Crawl Stone Soup version 0.19.1 (webtiles) character file.

32 ChaseSP the Changer (level 3, -2/17 HPs)
             Began as a Vine Stalker Transmuter on Nov 24, 2016.
             Slain by a worm (7 damage)
             ... on level 2 of the Dungeon.
             The game lasted 00:01:50 (1110 turns).

ChaseSP the Changer (Vine Stalker Transmuter)       Turns: 1110, Time: 00:01:50

Health: -2/17      AC:  5    Str: 13    XL:     3   Next: 27%
Magic:  0/16       EV: 11    Int: 13    God:
Gold:   9          SH:  0    Dex: 14    Spells: 3 memorised, 0 levels left

rFire  . . .     SeeInvis .       - Unarmed
rCold  . . .     Gourm    .     f - +0 ring mail
rNeg   . . .     Faith    .     (no shield)
rPois  .         Spirit   +     (no helmet)
rElec  .         Reflect  .     (no cloak)
rCorr  .         Harm     .     (no gloves)
MR     .....                    (no boots)
Stlth  +.........               (no amulet)
                                (no ring)
                                e - ring of magical power

@: very slightly contaminated
A: fangs 2, magic shield, antimagic bite, no device heal 3, rot immunity
a: no special abilities


You were on level 2 of the Dungeon.
You were hungry.

You visited 1 branch of the dungeon, and saw 2 of its levels.

You collected 9 gold pieces.

Inventory:

Missiles
 a - 37 arrows
Armour
 b - a +0 robe
 f - a +0 ring mail (worn)
Jewellery
 e - a ring of magical power (left hand)
Scrolls
 g - a scroll of blinking {unknown}
 j - a scroll of identify {unknown}
Potions
 i - a potion of mutation {unknown}
 k - a potion of brilliance {unknown}
Books
 c - a book of Changes

   Spells                             Type                      Level
   a - Beastly Appendage              Transmutation                1
   b - Sticks to Snakes               Transmutation                2
   c - Spider Form                    Transmutation/Poison         3
   d - Ice Form                       Ice/Transmutation            4
   e - Blade Hands                    Transmutation                5
Comestibles
 d - a bread ration


   Skills:
 - Level 0.8 Fighting
 - Level 1.5 Dodging
 - Level 3.0 Unarmed Combat
 - Level 2.1 Spellcasting
 + Level 3.5 Transmutations
 + Level 0.2 Poison Magic


You couldn't memorise any spells.
You knew the following spells:

 Your Spells              Type           Power        Failure   Level  Hunger
a - Beastly Appendage     Tmut           ##....       14%         1    ##.....
b - Sticks to Snakes      Tmut           ##......     21%         2    ###....
c - Spider Form           Tmut/Pois      #.........   85%         3    ####...


Dungeon Overview and Level Annotations

Branches:
Dungeon (2/15)

Altars:
Gozag

Annotations:
D:2 Robin


Innate Abilities, Weirdness & Mutations

You have extremely sharp teeth.
When hurt, damage is shared between your health and your magic reserves.
Your bite disrupts and absorbs the magic of your enemies.
Potions and wands cannot restore your health.
You are immune to rotting.


Message History

Casting: Beastly Appendage
Confirm with . or Enter, or press ? or * to list all spells.
You miscast Sticks to Snakes.
You are very lightly contaminated with residual magic.
You feel a strange surge of energy!
Casting: Sticks to Snakes
Confirm with . or Enter, or press ? or * to list all spells.
You miscast Sticks to Snakes.
Your skin tingles.
All of the chunks of flesh in your inventory have rotted away.
Casting: Sticks to Snakes
Confirm with . or Enter, or press ? or * to list all spells.
You create a snake!
You now have 37 arrows.
The worm bites your adder.
Your adder bites the worm but does no damage.
Your adder bites the worm.
The worm bites your adder!
Your adder dies!
You hit the worm. You bite the worm, but do no damage.
The worm is moderately wounded.
The worm bites you!
You die...

### #$$$# ....
....#$_$####........#
.....$$$......<.....#
###...†..###........###
######............>. ...
##.<...##........# ..
##................# ..
#................###.# .
#............@.....#.# ^..
#........)..w....#...#....
#.....>.........)#........
#.................<.......
#................#.##..##.
##...............#.# #
##.....#........#.#
#.................#
.......##.......##.


You could see a worm.

Vanquished Creatures
  An ooze (D:1)
  A dart slug (D:1)
  A leopard gecko (D:2)
  2 bats (D:1)
  A giant cockroach (D:1)
  4 goblins
  5 hobgoblins
  A frilled lizard (D:1)
  4 kobolds
  4 rats (D:1)
24 creatures vanquished.

Notes
Turn   | Place    | Note
-------+----------+-------------------------------------------
     0 | D:1      | ChaseSP the Vine Stalker Transmuter began the quest for the Orb.
     0 | D:1      | Reached XP level 1. HP: 9/9 MP: 4/4
   452 | D:1      | Reached XP level 2. HP: 14/14 MP: 6/6
   615 | D:1      | Learned a level 2 spell: Sticks to Snakes
   826 | D:2      | Noticed Robin
   833 | D:1      | Reached XP level 3. HP: 12/17 MP: 7/7
  1018 | D:1      | Learned a level 3 spell: Spider Form
  1068 | D:2      | Found an opulent altar of Gozag.
  1110 | D:2      | Slain by a worm

Skill      XL: |  1  2 |
---------------+-------+-----
Transmutations | 3 |  3.5
Fighting       | |  0.8
Dodging        | |  1.5
Unarmed Combat | |  3.0
Spellcasting   | |  2.1
Poison Magic   | |  0.2

Action                   || total
-------------------------++-------
Melee: Unarmed           ||    93
       Bite              ||    11
       Headbutt          ||     1
       Punch             ||     1
 Cast: Sticks to Snakes  ||     1
       Beastly Appendage ||     1
Armor: Ring mail         ||    33
Dodge: Dodged            ||    48
